Map: Ascension to Aiur LE

Players

NORTHAMERICA - Winner!

  • Race: Protoss Protoss
  • League: Grandmaster
  • Spawn Location: 11:00

전상동

  • Race: Terran Terran
  • Spawn Location: 5:00

VOD

Have the link to the VOD?

Description

Time

  • Played on: Aug. 7, 2017, 2:11 a.m.
  • Length: 13:57
Show
View Real Time Build Order
Export as new Build Order

NORTHAMERICA Protoss - Winner!

Build Orders: 1 Gate Expand, Double Forge, Colossus Rush 

Get SALT Encoding   

  12  0:01  Probe (Chrono Boost)  
  13  0:11  Probe (Chrono Boost)  
  14  0:17  Pylon  
  14  0:22  Probe (Chrono Boost)  
  15  0:36  Probe (Chrono Boost)  
  15  0:37  Gateway  
  16  0:46  Probe (Chrono Boost)  
  16  0:48  Assimilator  
  18  0:57  Probe (Chrono Boost)  
  18  1:07  Probe (Chrono Boost)  
  19  1:20  Nexus  
  19  1:29  Cybernetics Core  
  19  1:33  Probe (Chrono Boost)  
  19  1:38  Assimilator  
  20  1:43  Probe (Chrono Boost)  
  21  1:49  Pylon  
  22  1:54  Probe (Chrono Boost)  
  22  2:05  Probe (Chrono Boost)  
  23  2:10  Adept  
  27  2:15  Mothership Core (Chrono Boost)  
  27  2:17  Warp Gate (Chrono Boost)  
  27  2:33  Probe (Chrono Boost)  
  27  2:34  Probe (Chrono Boost)  
  29  2:44  Probe x2 (Chrono Boost)  
  30  2:46  Robotics Facility  
  31  2:54  Probe (Chrono Boost)  
  31  2:55  Probe (Chrono Boost)  
  33  3:05  Probe x2 (Chrono Boost)  
  35  3:14  Gateway  
  35  3:15  Probe (Chrono Boost)  
  35  3:17  Probe (Chrono Boost)  
  35  3:18  Gateway  
  37  3:26  Probe (Chrono Boost)  
  38  3:27  Probe (Chrono Boost)  
  38  3:32  Pylon  
  39  3:36  Probe (Chrono Boost), Observer, Robotics Bay  
  39  3:39  Probe (Chrono Boost)  
  42  3:48  Probe (Chrono Boost)  
  43  3:51  Probe (Chrono Boost)  
  43  3:54  Assimilator  
  44  3:58  Probe (Chrono Boost), Assimilator  
  44  3:59  Observer (Chrono Boost), Pylon  
  44  4:01  Probe (Chrono Boost)  
  47  4:09  Probe (Chrono Boost)  
  48  4:10  Probe (Chrono Boost)  
  49  4:18  Stalker x3  
  49  4:23  Probe (Chrono Boost)  
  57  4:25  Colossus  
  57  4:28  Pylon  
  62  4:46  Pylon  
  62  4:47  Probe (Chrono Boost)  
  62  4:50  Extended Thermal Lance (Chrono Boost)  
  63  4:56  Forge x2  
  63  5:09  Gateway  
  63  5:10  Probe  
  63  5:11  Gateway, Forge  
  63  5:14  Pylon, Colossus  
  70  5:23  Sentry  
  70  5:28  Probe  
  73  5:36  Probe  
  74  5:44  Protoss Ground Weapons Level 1 (Chrono Boost)  
  74  5:46  Protoss Ground Armor Level 1 (Chrono Boost)  
  74  5:49  Nexus  
  74  5:50  Pylon  
  74  5:57  Probe  
  74  5:59  Stalker  
  72  6:06  Probe  
  72  6:09  Probe  
  74  6:12  Colossus (Chrono Boost)  
  80  6:18  Probe  
  80  6:20  Photon Cannon  
  80  6:21  Probe  
  82  6:27  Twilight Council  
  82  6:30  Probe  
  83  6:34  Probe  
  83  6:38  Stalker x2  
  88  6:41  Adept  
  88  6:43  Probe  
  88  6:46  Probe  
  92  6:54  Pylon  
  92  6:55  Probe  
  92  6:58  Probe  
  92  7:00  Disruptor (Chrono Boost)  
  94  7:05  Blink (Chrono Boost)  
  94  7:07  Probe  
  98  7:09  Stalker x2  
  98  7:10  Probe  
  98  7:13  Probe  
  104  7:20  Pylon, Zealot x2  
  108  7:28  Probe  
  109  7:33  Probe x2  
  109  7:36  Disruptor, Assimilator  
  111  7:39  Pylon  
  111  7:40  Assimilator  
  112  7:46  Stalker x2  
  116  7:51  Pylon  
  116  7:56  Adept x3  
  121  7:59  Probe  
  122  8:08  Probe  
  122  8:11  Probe  
  124  8:12  Disruptor  
  125  8:21  Protoss Ground Armor Level 2 (Chrono Boost)  
  125  8:22  Adept x2, Gateway  
  125  8:23  Adept x2  
  125  8:25  Gateway  
  133  8:32  Stalker  
  135  8:38  Photon Cannon  
  135  8:39  Photon Cannon  
  135  8:40  Protoss Ground Weapons Level 2 (Chrono Boost)  
  135  8:42  Pylon  
  135  8:45  Disruptor  
  135  8:46  Stalker x2  
  137  8:54  Resonating Glaives  
  138  8:56  Stalker  
  140  9:03  Pylon  
  140  9:05  Pylon  
  140  9:07  Pylon, Dark Shrine  
  140  9:14  Adept  
  140  9:15  Adept x3  
  148  9:24  Disruptor  
  151  9:34  Nexus  
  151  9:36  Stalker x2  
  151  9:37  Pylon  
  155  9:44  Stalker x2  
  155  9:45  Stalker  
  161  9:48  Stalker  
  163  9:59  Disruptor  
  159  10:00  Adept x2  
  159  10:01  Adept  
  168  10:11  Adept  
  168  10:12  Adept x3  
  138  10:26  Adept x3  
  127  10:30  Disruptor  
  120  10:35  Stalker x2  
  120  10:36  Stalker x2  
  122  10:56  Protoss Ground Weapons Level 3 (Chrono Boost)  
  120  10:58  Probe  
  120  11:01  Protoss Ground Armor Level 3 (Chrono Boost)  
  115  11:05  Dark Templar x2  
  119  11:12  Stalker  
  119  11:13  Stalker x4  
  129  11:26  Disruptor  
  126  11:43  Stalker x5  
  126  11:45  Dark Templar  
  126  11:46  Adept  
  140  11:50  Assimilator  
  140  11:54  Assimilator  
  140  11:58  Photon Cannon  
  140  11:59  Photon Cannon  
  140  12:04  Disruptor  
  143  12:17  Dark Templar  
  143  12:18  Zealot x5  
  121  12:40  Dark Templar x2  
  111  12:56  Stalker x2  
  111  12:57  Stalker  
  111  12:58  Mothership Core  
  76  13:24  Stalker x3  
  67  13:48  Stalker x3  
Show
View Real Time Build Order
Export as new Build Order

전상동 Terran 

Build Orders: MMM Bio 

Get SALT Encoding   

  12  0:00  SCV  
  13  0:12  SCV  
  14  0:17  Supply Depot  
  14  0:24  SCV  
  15  0:38  SCV  
  15  0:39  Barracks  
  16  0:43  Refinery  
  16  0:50  SCV  
  17  1:03  SCV  
  18  1:15  SCV  
  19  1:25  Marine  
  19  1:27  Orbital Command  
  20  1:42  Command Center  
  20  1:47  Barracks Reactor  
  20  1:53  SCV  
  21  1:58  Supply Depot  
  21  2:05  SCV  
  22  2:13  Factory  
  22  2:17  SCV  
  23  2:24  Refinery  
  23  2:25  Marine x2  
  23  2:29  SCV  
  26  2:41  SCV  
  26  2:43  Marine x2  
  29  2:53  SCV  
  29  2:54  Orbital Command  
  29  2:55  Widow Mine  
  32  3:00  Starport  
  32  3:05  SCV  
  32  3:11  Marine x2  
  35  3:17  SCV  
  35  3:19  Bunker, SCV  
  37  3:24  Widow Mine  
  39  3:30  SCV  
  39  3:31  SCV  
  40  3:38  Supply Depot  
  40  3:40  Viking  
  42  3:42  SCV  
  42  3:43  SCV  
  44  3:50  Supply Depot  
  44  3:54  SCV  
  45  3:55  SCV  
  45  3:58  Factory Tech Lab  
  45  4:00  Marine x2  
  48  4:06  SCV  
  48  4:07  Liberator, Barracks  
  48  4:08  SCV  
  50  4:17  Engineering Bay  
  50  4:18  SCV  
  50  4:19  Refinery  
  50  4:20  SCV  
  52  4:31  SCV, Factory Tech Lab  
  56  4:32  SCV  
  56  4:34  Barracks  
  57  4:39  Marine x2  
  57  4:43  SCV  
  57  4:44  SCV  
  61  4:50  Terran Infantry Weapons Level 1  
  61  4:55  SCV  
  61  4:57  Factory Tech Lab  
  62  5:03  Supply Depot  
  62  5:04  Stimpack, Supply Depot  
  62  5:09  Starport Reactor  
  62  5:15  Refinery  
  62  5:18  Missile Turret  
  62  5:23  Missile Turret  
  62  5:25  Siege Tank, SCV x2, Marine x2  
  69  5:32  Combat Shields  
  69  5:34  Marauder x2  
  73  5:37  SCV x2  
  73  5:40  Supply Depot  
  73  5:42  Supply Depot  
  75  5:49  Medivac, SCV  
  78  6:01  Marine x2  
  78  6:02  Marauder x2, SCV x2  
  78  6:03  Medivac  
  88  6:04  Liberator  
  88  6:10  Siege Tank  
  87  6:15  Supply Depot x2  
  87  6:19  Marine x2  
  87  6:23  Marauder  
  94  6:33  Command Center  
  94  6:37  Marauder  
  96  6:45  Terran Infantry Armor Level 1  
  96  6:50  Concussive Shells  
  96  6:53  Marine x2  
  96  6:54  Marauder  
  100  6:58  Barracks  
  100  6:59  Marauder  
  100  7:01  Barracks  
  102  7:02  Factory Reactor  
  102  7:03  Supply Depot  
  102  7:04  Supply Depot  
  102  7:16  Medivac x2  
  102  7:21  Marauder x2  
  110  7:24  Marine x2  
  110  7:25  SCV x2  
  114  7:30  Engineering Bay  
  114  7:33  Armory  
  114  7:51  Viking x2  
  118  7:52  Orbital Command  
  118  7:54  Starport  
  115  8:00  Factory Reactor  
  115  8:03  Marauder x3, Marine x4  
  125  8:20  Orbital Command  
  125  8:21  Viking x2  
  129  8:32  Marauder x3, Marine x4  
  139  8:34  Supply Depot x2  
  139  8:42  Viking  
  141  8:55  Viking x3  
  141  9:01  Terran Infantry Armor Level 2, Terran Infantry Weapons Level 2  
  147  9:07  Missile Turret  
  147  9:09  Supply Depot  
  147  9:22  Marauder x2, Marine x4  
  147  9:23  Marauder  
  157  9:24  Supply Depot  
  157  9:27  Supply Depot  
  157  9:35  Terran Ship Weapons Level 1  
  157  9:38  Viking  
  157  9:39  Viking  
  141  10:01  Viking x2  
  141  10:02  Marine x2  
  141  10:03  Marauder x3, Marine x2  
  144  10:20  Marine x2  
  127  10:21  Marine  
  127  10:23  Marine  
  127  10:24  Marauder x3, Viking x2  
  107  10:38  Marine x2  
  97  10:45  Marauder x2, Marine x2  
  97  10:46  Marauder  
  92  10:51  SCV x3  
  92  10:56  Marine x2  
  93  11:03  Medivac x3, SCV x2  
  93  11:04  SCV, Medivac  
  102  11:07  Marauder x3  
  108  11:15  SCV x2  
  108  11:16  SCV  
  111  11:21  Marine  
  111  11:22  Marine x3  
  115  11:27  SCV  
  115  11:28  Marauder x3  
  121  11:36  Liberator x2  
  117  11:41  Marine x4  
  121  11:49  Marauder  
  121  11:50  Marauder x2  
  133  11:59  Marine x4  
  131  12:11  Marauder x3  
  123  12:16  Marine  
  99  12:32  Marauder  
  99  12:33  Marine  
  99  12:34  Marauder x2, Marine  
  87  12:49  Marine x2  
  83  12:54  Marauder  
  83  12:55  Marauder  
Tags
 
Add a new tag
Caveats
  • Supply blocks, unpowered buildings, or Contaminate may cause inaccurate times.
  • Supply counts are checked every 10 seconds.